 Dungeon Crawl Stone Soup version 0.29.0-4-gdea44cf6ec (webtiles) character file.

Game seed: 17074651999814310436

54 qw the Chopper (level 3, 0/21 HPs)
             Began as a Tengu Warper on Aug 28, 2022.
             Succumbed to an adder's poison
             ... on level 2 of the Dungeon.
             The game lasted 00:00:10 (1734 turns).

qw the Chopper (Tengu Warper)                       Turns: 1734, Time: 00:00:10

Health: 0/21       AC:  5    Str: 13    XL:     3   Next: 91%
Magic:  7/7        EV: 11    Int: 13    God:
Gold:   118        SH:  0    Dex: 13    Spells: 6/6 levels left

rFire   . . .      SeeInvis .   Y - +0 hand axe
rCold   . . .      Faith    .   (no shield)
rNeg    . . .      Spirit   .   c - +0 ring mail
rPois   .          Reflect  .   (helmet restricted)
rElec   .          Harm     .   (no cloak)
rCorr   .          Rampage  .   (no gloves)
Will    .....                   (boots unavailable)
Stlth   +.........              (no amulet)
HPRegen 0.07/turn               (no ring)
MPRegen 0.10/turn               (no ring)

@: lethally poisoned (0 -> -7)
A: beak, talons 3
a: no special abilities


You were on level 2 of the Dungeon.
You visited 1 branch of the dungeon, and saw 2 of its levels.

You collected 118 gold pieces.


Innate Abilities, Weirdness & Mutations

You have a beak for a mouth.
You have claws for feet.


   Skills:
 - Level 2.0 Fighting
 + Level 4.5 Axes
 - Level 1.0 Throwing
 - Level 1.1 Armour
 - Level 2.1 Dodging
 - Level 2.0 Spellcasting
 - Level 2.4 Translocations


You had 6 spell levels left.
You didn't know any spells.
Your spell library contained the following spells:

 Spells                   Type           Power      Damage    Failure   Level
 Blink                    Tloc           14%        N/A       30%         2
 Gell's Gravitas          Tloc           7%         N/A       52%         3
 Lesser Beckoning         Tloc           7%         N/A       52%         3
 Teleport Other           Tloc           7%         N/A       52%         3
 Manifold Assault         Tloc           7%         N/A       99%         5

Inventory:

Hand Weapons
 j - a +1 mace of protection
 Y - a +0 hand axe (weapon)
Armour
 c - a +0 ring mail (worn)
 g - a +0 chain mail
 k - a +0 buckler
Scrolls
 a - a scroll of identify
 i - a scroll of amnesia {unknown}
Potions
 b - 2 potions of ambrosia {unknown}
 d - a potion of mutation
 e - a potion of attraction {unknown}
 f - a potion of berserk rage {unknown}
 h - a potion of haste {unknown}
 l - a potion of cancellation {unknown}
 o - a potion of curing {unknown}

Dungeon Overview and Level Annotations

Branches:
Dungeon (2/15)

Altars:


Message History

You feel sick. The adder bites you.
You barely miss the adder. Your kick misses the adder.
The adder is lightly wounded.
You feel sick. The adder bites you but does no damage.
You hit the adder but do no damage.
The adder is lightly wounded.
You feel sick. The adder closely misses you.
The adder bites you but does no damage.
You miss the adder.
The adder is lightly wounded.
You feel sick. The adder bites you but does no damage.
You closely miss the adder.
The adder is lightly wounded.
You feel sick. The adder barely misses you.
You closely miss the adder. You claw the adder.
The adder is heavily wounded.
You feel sick.
You are no longer poisoned.
The adder bites you. x2
You barely miss the adder. Your kick misses the adder.
The adder is heavily wounded.
The adder closely misses you.
You barely miss the adder. You peck the adder.
The adder is severely wounded.
The adder closely misses you. x2
You hit the adder.
The adder is severely wounded.
The adder closely misses you.
You closely miss the adder.
The adder is severely wounded.
The adder closely misses you.
You closely miss the adder. Your kick misses the adder.
You peck the adder, but do no damage.
The adder is severely wounded.
The adder bites you.
You are lethally poisoned!
The adder poisons you! The adder closely misses you.
You miss the adder.
The adder is severely wounded.
You die...

...........### ..##.
...............# ##..##.
...............##....##.
...............#..##.##.
...............#.# #.##.
.......##.###....###.##.
..........###.#...##.##.
........................
#.S@................
#..##............... #..
#............... #..
#............... ###
#......#####.#..
###.#### #...# #.# #..##
#.# #..# #.#


You could see an adder.

Vanquished Creatures
  2 adders (D:2)
  A worm (D:2)
  A dart slug (D:1)
  2 bats (D:2)
  2 endoplasms (D:1)
  5 goblins
  3 hobgoblins
  4 jackals (D:1)
  2 quokkas (D:1)
  2 ball pythons (D:1)
  A frilled lizard (D:1)
  2 kobolds
  3 rats
30 creatures vanquished.

Notes
Turn   | Place    | Note
-------+----------+-------------------------------------------
     0 | D:1      | qw the Tengu Warper began the quest for the Orb.
     0 | D:1      | Reached XP level 1. HP: 12/12 MP: 4/4
     0 | D:1      | 0 ||| qw: Version: 0.1-a-89-g26bdef1
     0 | D:1      | 0 ||| qw: Game counter: 1521
     0 | D:1      | 0 ||| qw: Always use a shield: true
     0 | D:1      | 0 ||| qw: God list: Okawaru
     0 | D:1      | 0 ||| qw: Allow faded altars: false
     0 | D:1      | 0 ||| qw: Do Orc after D:15 true
     0 | D:1      | 0 ||| qw: Do second Lair branch before Depths: true
     0 | D:1      | 0 ||| qw: Lair rune preference: random
     0 | D:1      | 0 ||| qw: Plans: Normal
     0 | D:1      | 0 ||| PLANNING D:1-11
    80 | D:1      | 80 ||| Stepping ~*~*~tactically~*~*~ (stealth).
    98 | D:1      | 98 ||| Stepping ~*~*~tactically~*~*~ (stealth).
   131 | D:1      | 131 ||| Stepping ~*~*~tactically~*~*~ (stealth).
   141 | D:1      | Reached skill level 3 in Axes
   141 | D:1      | Reached XP level 2. HP: 13/17 MP: 6/6
   218 | D:1      | 218 ||| DROPPING +0 club.
   271 | D:1      | 271 ||| Stepping ~*~*~tactically~*~*~ (stealth).
   304 | D:1      | 304 ||| Stepping ~*~*~tactically~*~*~ (stealth).
   315 | D:1      | 315 ||| Stepping ~*~*~tactically~*~*~ (stealth).
   334 | D:1      | 334 ||| Stepping ~*~*~tactically~*~*~ (stealth).
   372 | D:1      | 372 ||| Stepping ~*~*~tactically~*~*~ (stealth).
   588 | D:1      | 588 ||| Stepping ~*~*~tactically~*~*~ (stealth).
   747 | D:1      | Reached XP level 3. HP: 13/21 MP: 7/7
  1042 | D:1      | 1042 ||| READING 3 scrolls labelled HUWINU RILEGGE.
  1043 | D:1      | 1043 ||| READING scroll labelled DUTALI HYMON.
  1044 | D:1      | 1044 ||| READING scroll labelled GEC OLUUCU.
  1047 | D:1      | 1047 ||| READING scroll labelled XEIHOUROQY.
  1048 | D:1      | 1048 ||| READING scroll labelled TACACIM VEOKHLI.
  1049 | D:1      | 1049 ||| DRINKING 2 fuming golden potions.
  1050 | D:1      | 1050 ||| READING 2 scrolls of identify.
  1050 | D:1      | 1050 ||| IDENTIFYING emerald potion
  1051 | D:1      | 1051 ||| DROPPING scroll of blinking.
  1052 | D:1      | 1052 ||| DROPPING potion of magic.
  1115 | D:2      | Reached skill level 4 in Axes
  1206 | D:2      | 1206 ||| Stepping ~*~*~tactically~*~*~ (stealth).
  1291 | D:2      | 1291 ||| FLEEEEING.
  1292 | D:2      | 1292 ||| FLEEEEING.
  1293 | D:2      | 1293 ||| FLEEEEING.
  1294 | D:2      | 1294 ||| FLEEEEING.
  1311 | D:2      | 1311 ||| FLEEEEING.
  1314 | D:2      | 1314 ||| STAIRDANCE
  1373 | D:1      | 1373 ||| UPGRADING to +0 ring mail.
  1383 | D:1      | 1383 ||| DROPPING +0 leather armour.
  1393 | D:2      | HP: 5/21 [worm (8)]
  1394 | D:2      | HP: 2/21 [worm (3)]
  1728 | D:2      | HP: 5/21 [adder (1)]
  1733 | D:2      | HP: 2/21 [adder (3)]
  1734 | D:2      | Succumbed to an adder's poison

Levels and vault maps discovered:
D:1:      amcnicky_arrival_choice, layout_loops_cross,
          hangedman_abyss_or_decor_lesser_grid
D:2:      layout_rooms

Skill      XL: |  1  2  3 |
---------------+----------+-----
Axes           | 3 4 |  4.5
Fighting       | |  2.0
Throwing       | |  1.0
Armour         | |  1.1
Dodging        | |  2.1
Spellcasting   | |  2.0
Translocations | |  2.4

Action                   || total
-------------------------++-------
Melee: Hand axe          ||    98
       Kick              ||    17
       Peck              ||    11
       Punch             ||     1
Throw: Boomerang         ||     7
  Use: Scroll            ||     6
       Potion            ||     1
Armor: Leather armour    ||     8
       Ring mail         ||     5
Dodge: Dodged            ||    50

Table legend:
 A = Non-vault XP
 B = Vault XP
 C = Vault XP percentage of total XP
 D = Non-vault monster count
 E = Vault monster count
 F = Vault count percentage of total count
                 A         B        C        D         E       F
            +---------+---------+-------+---------+---------+-------
      Total |      78 |       0 |   0.0 |      30 |       0 |   0.0
            +---------+---------+-------+---------+---------+-------
        D:1 |      37 |       0 |   0.0 |      21 |       0 |   0.0
        D:2 |      41 |       0 |   0.0 |       9 |       0 |   0.0
            +---------+---------+-------+---------+---------+-------
